 Dungeon Crawl Stone Soup version 0.30-a0-354-g6b83867211 (webtiles) character file.

Game seed: 4704282652441515510

112 jlumianski the Trooper (level 4, 0/35 HPs)
             Began as a Demonspawn Fighter on Nov 6, 2022.
             Slain by a river rat (6 damage)
             ... in a sewer on Nov 7, 2022.
             The game lasted 00:08:53 (1249 turns).

jlumianski the Trooper (Demonspawn Fighter)         Turns: 1249, Time: 00:08:55

Health: 0/35       AC:  6    Str: 18    XL:     4   Next: 64%
Magic:  4/4        EV: 10    Int: 10    God:
Gold:   83         SH:  4    Dex: 12    Spells: 3/3 levels left

rFire   . . .      SeeInvis .    a - +0 war axe
rCold   . . .      Faith    .    c - +0 buckler
rNeg    . . .      Spirit   .    b - +0 scale mail
rPois   .          Reflect  .    (helmet restricted)
rElec   .          Harm     .    (no cloak)
rCorr   .          Rampage  .    (no gloves)
Will    .....                    (no boots)
Stlth   ..........               (no amulet)
HPRegen 0.25/turn                (no ring)
MPRegen 0.09/turn                (no ring)

@: no status effects
A: horns 2, sturdy frame 1
a: no special abilities


You were in a sewer.
You visited 1 branch of the dungeon, and saw 4 of its levels.
You also visited: Sewer.

You collected 125 gold pieces.
You spent 42 gold pieces at shops.

Inventory:

Hand Weapons
 a - a +0 war axe (weapon)
Armour
 b - a +0 scale mail (worn)
 c - a +0 buckler (worn)
Wands
 n - a wand of charming (11)
Scrolls
 d - 2 scrolls of identify {unknown}
 g - a scroll of butterflies {unknown}
 i - a scroll of torment {unknown}
 j - a scroll of acquirement {unknown}
 k - a scroll of blinking {unknown}
 l - a scroll of fear {unknown}
 o - a scroll of immolation {unknown}
 p - a scroll of enchant armour {unknown}
 q - a scroll of enchant weapon {unknown}
Potions
 e - a potion of cancellation {unknown}
 f - a potion of degeneration {unknown}
 h - a potion of mutation {unknown}
 m - a potion of brilliance {unknown}


   Skills:
 + Level 3.4 Fighting
 + Level 2.8 Axes
 + Level 3.4 Armour
 + Level 1.0 Dodging
 + Level 3.2 Shields


You had 3 spell levels left.
You didn't know any spells.
Your spell library was empty.

Dungeon Overview and Level Annotations

Branches:
Dungeon (4/15)              Sewer (1/1)
 Temple: D:4-7

Altars:

Shops:
D:1 !


Innate Abilities, Weirdness & Mutations

You have a pair of horns on your head.
Your movements are slightly less encumbered by armour. (ER -2)


Message History

The giant cockroach is almost dead.
The giant cockroach bites you but does no damage. x2
You slash the giant cockroach!
You kill the giant cockroach!
You enter the shallow water.
Moving in this stuff is going to be slow.
Things that are here:
a giant cockroach corpse; a quokka corpse You enter the shallow water.
Moving in this stuff is going to be slow.
You open the large door. 4 river rats come into view.
You barely miss the river rat. You hit the river rat. The river rat bites you.
You hit the river rat but do no damage. You closely miss the river rat.
You block the river rat's attack.
The river rat bites you but does no damage.
The river rat bites you. x2; The river rat closely misses you.
You barely miss the river rat. You completely miss the river rat.
You hit the river rat but do no damage. The river rat bites you!
The river rat bites you.
You closely miss the river rat. You hit the river rat but do no damage.
You slash the river rat! You barely miss the river rat.
The river rat barely misses you. The river rat bites you.
The river rat bites you but does no damage. x2
The river rat bites you. The river rat barely misses you.
You block the river rat's attack. The river rat barely misses you.
You hit the river rat but do no damage. Your headbutt misses the river rat.
You hit the river rat. x2
You kill the river rat!
You hit the river rat. You block the river rat's attack.
The river rat barely misses you. The river rat bites you!
* * * LOW HITPOINT WARNING * * *
You closely miss the river rat. You headbutt the river rat!
The river rat is severely wounded.
You barely miss the river rat. You slash the river rat!
The river rat barely misses you. The river rat misses you.
The river rat barely misses you. x2
The river rat bites you but does no damage.
The river rat bites you.
You die...

≈≈≈≈≈≈≈~~≈≈≈≈≈≈~#
~.~~~~~~~~~~~~≈~#
~≈~####~~####~≈.#
.≈ #~~# #.≈~# ~
#.~# #.≈~# ###..#
#.≈.# #.#..#
#.≈~# #.r..+
#~≈.# #.r@.+
#~≈.# #.#r.#
#~≈~# # #..#
#~≈~# #..# #~≈~#
#..# #~≈~# #..#
#~≈~# +..+ #~≈~#
+..+ #~≈~# #~≈~#


You could see 3 river rats.

Vanquished Creatures
  A river rat (Sewer)
  5 adders
  2 dart slugs
  8 bats
  4 endoplasms
  2 giant cockroaches
  4 goblins (D:1)
  2 hobgoblins
  A jackal (Sewer)
  8 kobolds
  3 quokkas
  6 ball pythons
  4 frilled lizards
  2 rats (D:1)
52 creatures vanquished.

Vanquished Creatures (others)
  2 plants (D:4)
2 creatures vanquished.

Grand Total: 54 creatures vanquished

Notes
Turn   | Place    | Note
-------+----------+-------------------------------------------
     0 | D:1      | jlumianski the Demonspawn Fighter began the quest for the
                  | Orb.
     0 | D:1      | Reached XP level 1. HP: 18/18 MP: 1/1
   257 | D:1      | Gained mutation: Your movements are slightly less
                  | encumbered by armour. (ER -2) [demonic ancestry]
   257 | D:1      | Reached XP level 2. HP: 24/24 MP: 2/2
   258 | D:1      | Found Kife's Distillery.
   303 | D:1      | Upgraded the game from 0.30-a0-347-gf58ed5266c to
                  | 0.30-a0-354-g6b83867211
   311 | D:1      | Bought a potion of curing for 42 gold pieces
   672 | D:1      | Gained mutation: You have a pair of small horns on your
                  | head. [demonic ancestry]
   672 | D:1      | Reached XP level 3. HP: 29/29 MP: 3/3
   724 | D:2      | You fall into a shaft and drop 1 floor!
   828 | D:4      | Reached skill level 1 in Dodging
   918 | D:4      | Gained mutation: You have a pair of horns on your head.
                  | [demonic ancestry]
   918 | D:4      | Reached XP level 4. HP: 17/35 MP: 4/4
   922 | D:4      | Found a glowing drain.
   931 | Sewer    | Entered a sewer
  1249 | Sewer    | Slain by a river rat

Illustrated notes

Levels and vault maps discovered:
D:1:      dpeg_arrival_arbitrary_b, layout_basic, serial_shops, shop,
          nicolae_titane
D:2:      layout_loops_ring, dreamdust_wishing_well, minmay_mini_jars,
          uniq_natasha
D:3:      layout_basic, xom_butterflies, mainiacjoe_overflow_catch_the_wave,
          hellmonk_ecumenical_altar_blasted, serial_shops, shop,
          ebering_ghost_disaster_area
D:4:      layout_rooms, mainiacjoe_overflow_six_doors_small,
          minmay_temple_entry_sparse_star, portal_sewer_entry_d,
          serial_bayou_pond_d
Sewer:    sewer_fruit_machine

Skill      XL: |  1  2  3 |
---------------+----------+-----
Axes           | 2 |  2.8
Shields        | 3 |  3.2
Armour         | 3 |  3.4
Dodging        | 1 |  1.0
Fighting       | |  3.4

Action                   |  1- 3 |  4- 6 || total
-------------------------+-------+-------++-------
Melee: War axe           |   132 |    42 ||   174
       Headbutt          |     4 |     5 ||     9
  Use: Potion            |     2 |       ||     2
Armor: Scale mail        |    81 |    39 ||   120
Dodge: Dodged            |    83 |    41 ||   124
Block: Buckler           |    37 |    12 ||    49

Table legend: (Time is in decaauts)
 A = Elapsed time spent in this place.
 B = Non-inter-level travel time spent in this place.
 C = Inter-level travel time spent in this place.
 D = Time resting spent in this place.
 E = Time spent auto-exploring this place.
 F = Levels seen in this place.
 G = Mean time per level.
                   A        B        C        D        E       F      G
               +--------+--------+--------+--------+--------+-----+--------+
         Total |   1389 |   1389 |      0 |    149 |    363 |   5 |  277.8 |
       Dungeon |    996 |    996 |      0 |     68 |    303 |   4 |  249.0 |
         Sewer |    393 |    393 |      0 |     81 |     60 |   1 |  393.0 |
               +--------+--------+--------+--------+--------+-----+--------+

Top non-repeatable levels by time:
     D:1: 663 daAuts
   Sewer: 393 daAuts
     D:4: 152 daAuts
     D:2: 107 daAuts
     D:3: 73 daAuts
